 Dungeon Crawl Stone Soup version 0.30-a0-672-gc3a7216ad8 (webtiles) character file.

Game seed: 1653998863998325282

115 lunkers the Chopper (level 5, -5/45 HPs)
             Began as a Meteoran Fighter on Jan 18, 2023.
             Killed by nerve-wracking pain
             ... invoked by Grinder
              (11 damage)
             ... on level 3 of the Dungeon on Jan 19, 2023.
             The game lasted 00:03:24 (777 turns).

lunkers the Chopper (Meteoran Fighter)               Turns: 777, Time: 00:03:25

Health: -5/45      AC:  6    Str: 19    XL:     5   Next: 44%
Magic:  6/6        EV:  9    Int: 10    God:
Gold:   89         SH:  5    Dex: 13    Spells: 4/4 levels left

rFire   . . .      SeeInvis .    a - +0 war axe
rCold   . . .      Faith    .    c - +0 buckler
rNeg    . . .      Spirit   .    b - +0 scale mail
rPois   .          Reflect  .    (no helmet)
rElec   .          Harm     .    (no cloak)
rCorr   .          Rampage  .    (no gloves)
Will    .....                    (no boots) Stlth
                                 (no amulet)
HPRegen 0.27/turn                (no ring)
MPRegen 0.10/turn                (no ring)

@: mighty, glowing
A: sense surroundings 1, otherworldly, glowing, explore regen
a: no special abilities


You were on level 3 of the Dungeon.
You visited 1 branch of the dungeon, and saw 3 of its levels.

You collected 89 gold pieces.

Inventory:

Hand Weapons
 a - a +0 war axe (weapon)
Armour
 b - a +0 scale mail (worn)
 c - a +0 buckler (worn)
Scrolls
 e - 3 scrolls of poison {unknown}
 f - a scroll of acquirement {unknown}
 g - a scroll of brand weapon {unknown}
 i - 2 scrolls of identify {unknown}
 k - a scroll of enchant weapon {unknown}
Potions
 h - a potion of curing
 j - a potion of haste {unknown}


   Skills:
 - Level 3.2 Fighting
 * Level 6.0 Axes
 - Level 3.6 Armour
 - Level 3.6 Shields


You had 4 spell levels left.
You didn't know any spells.
Your spell library contained the following spells:

 Spells                   Type           Power      Damage    Failure   Level
 Lesser Beckoning         Tloc           0%         N/A       91%         2
 Gell's Gravitas          Tloc           0%         N/A       99%         3
 Teleport Other           Tloc           0%         N/A       99%         3


Dungeon Overview and Level Annotations

Branches:
Dungeon (3/15) Zot: 986

Altars:

Annotations:
D:3 Grinder


Innate Abilities, Weirdness & Mutations

You passively map a small area around you.
You are easily found by Zot.
You glow in the dark.
You regain HP and MP as you explore.


Message History

You kill the adder!
The endoplasm freezes you.
You are frozen.
Your Axes skill increases to level 6!
You hit the endoplasm.
The endoplasm is almost dead.
The endoplasm freezes you.
You are frozen.
You feel very mighty all of a sudden. Grinder hits you.
The endoplasm freezes you.
You are frozen.
* * * LOW HITPOINT WARNING * * *
You closely miss Grinder. You hit the endoplasm.
You kill the endoplasm!
Grinder hits you.
* * * LOW HITPOINT WARNING * * *
You writhe in agony.
* * * LOW HITPOINT WARNING * * *
You closely miss Grinder. Grinder hits you but does no damage.
Grinder gestures at you. Pain shoots through your body!
* * * LOW HITPOINT WARNING * * *
You slash Grinder!
Grinder is heavily wounded.
Grinder hits you.
* * * LOW HITPOINT WARNING * * *
You writhe in agony.
* * * LOW HITPOINT WARNING * * *
You closely miss Grinder.
Grinder is heavily wounded.
Grinder hits you.
* * * LOW HITPOINT WARNING * * *
You writhe in agony.
* * * LOW HITPOINT WARNING * * *
You slash Grinder!
Grinder is almost dead.
Grinder gestures at you. Pain shoots through your body!
You die...

,, + * ........<...
........... ,
,........... ,,
..........#
*#.........# *
######.........#
......5)†......#
........@....!..#
*,
#................#
#................#
..
#..............?#
....
#..........######
....####..........#
..................#
..................#
..........).......#


You could see Grinder.

Vanquished Creatures
  A scorpion (D:2)
  2 adders
  4 orcs (D:3)
  2 bats
  2 endoplasms
  2 goblins
  3 hobgoblins
  6 jackals (D:2)
  A quokka (D:2)
  A ball python (D:2)
  A frilled lizard (D:1)
  5 kobolds (D:1)
  3 rats
33 creatures vanquished.

Vanquished Creatures (others)
  3 plants (D:1)
3 creatures vanquished.

Grand Total: 36 creatures vanquished

Notes
Turn   | Place    | Note
-------+----------+-------------------------------------------
     0 | D:1      | lunkers the Meteoran Fighter began the quest for the Orb.
     0 | D:1      | Reached XP level 1. HP: 19/19 MP: 2/2
   165 | D:1      | Reached skill level 3 in Axes
   165 | D:1      | Reached XP level 2. HP: 26/26 MP: 3/3
   288 | D:1      | Found a faded altar of an unknown god.
   469 | D:2      | Noticed a scorpion
   478 | D:2      | Killed a scorpion
   479 | D:2      | Reached skill level 5 in Axes
   479 | D:2      | Reached XP level 3. HP: 17/31 MP: 4/4
   479 | D:2      | Reached XP level 4. HP: 21/38 MP: 5/5
   614 | D:2      | Reached XP level 5. HP: 45/45 MP: 6/6
   766 | D:3      | Noticed Grinder
   771 | D:3      | Reached skill level 6 in Axes
   777 | D:3      | Killed from afar by Grinder

Illustrated notes

Levels and vault maps discovered:
D:1:      psy_arrival_basics, layout_loops_ring,
          dreamdust_ecumenical_altar_grove, serial_forest,
          infiniplex_forest_lined_room_2, infiniplex_forest_clump_C,
          infiniplex_forest_straight_4, infiniplex_forest_lined_3
D:2:      layout_basic, kennysheep_generic_room_8
D:3:      layout_basic, lemuel_round_altar, lemuel_tele_altar, uniq_grinder

Skill      XL: |  1  2  3  4  5 |
---------------+----------------+-----
Axes           | 3 5 6 |  6.0
Fighting       | |  3.2
Armour         | |  3.6
Shields        | |  3.6

Action                   |  1- 3 |  4- 6 || total
-------------------------+-------+-------++-------
Melee: War axe           |    38 |    82 ||   120
  Use: Potion            |     1 |     1 ||     2
Armor: Scale mail        |    14 |    42 ||    56
Dodge: Dodged            |    12 |    35 ||    47
Block: Buckler           |    11 |    19 ||    30

Table legend: (Time is in decaauts)
 A = Elapsed time spent in this place.
 B = Non-inter-level travel time spent in this place.
 C = Inter-level travel time spent in this place.
 D = Time resting spent in this place.
 E = Time spent auto-exploring this place.
 F = Levels seen in this place.
 G = Mean time per level.
                   A        B        C        D        E       F      G
               +--------+--------+--------+--------+--------+-----+--------+
         Total |    812 |    762 |     50 |      0 |    523 |   3 |  270.7 |
       Dungeon |    812 |    762 |     50 |      0 |    523 |   3 |  270.7 |
               +--------+--------+--------+--------+--------+-----+--------+

Top non-repeatable levels by time:
     D:1: 422 daAuts
     D:2: 319 daAuts
     D:3: 71 daAuts
